 Dungeon Crawl Stone Soup version 0.22-a0-135-g6f012ad (webtiles) character file.

21 KristoblXynda the Sneak (level 2, -1/17 HPs)
             Began as an Octopode Enchanter on Jan 31, 2018.
             Slain by a goblin
             ... wielding a +0 club
              (3 damage)
             ... on level 2 of the Dungeon.
             The game lasted 00:01:43 (958 turns).

KristoblXynda the Sneak (Octopode Enchanter)         Turns: 958, Time: 00:01:44

Health: -1/17      AC:  1    Str:  7    XL:     2   Next: 83%
Magic:  5/5        EV: 13    Int: 17    God:
Gold:   37         SH:  0    Dex: 12    Spells: 2/5 levels left

rFire    . . .     SeeInvis .   a - +1 dagger
rCold    . . .     Gourm    .   (no shield)
rNeg     . . .     Faith    .   (helmet restricted)
rPois    .         Spirit   .   (no amulet)
rElec    .         Reflect  .   (no ring)
rCorr    .         Harm     .   (no ring)
MR       .....                  (no ring)
Stlth    ++++......             (no ring)
HPRegen  0.05/turn              (no ring)
MPRegen  0.09/turn              (no ring)
                                (no ring)
                                (no ring)

@: no status effects
A: almost no armour, stealthy swim, amphibious, 8 rings, constrict 8, camouflage
1, gelatinous body 1
a: no special abilities


You were on level 2 of the Dungeon.
You were not hungry.

You visited 1 branch of the dungeon, and saw 2 of its levels.

You collected 37 gold pieces.

Inventory:

Hand Weapons
 a - a +1 dagger (weapon)
Scrolls
 d - a scroll of enchant weapon {unknown}
 g - 2 scrolls of identify {unknown}
Potions
 e - 2 potions of curing {unknown}
 f - a potion of might {unknown}
Books
 b - a book of Maledictions

   Spells                             Type                      Level
   a - Corona                         Hexes                        1
   b - Ensorcelled Hibernation        Hexes/Ice                    2
   c - Confuse                        Hexes                        3
   d - Tukima's Dance                 Hexes                        3
   e - Dazzling Spray                 Conjuration/Hexes            3
Comestibles
 c - 3 rations


   Skills:
 - Level 1.0 Short Blades
 - Level 2.0 Dodging
 + Level 4.5 Stealth
 + Level 2.4 Spellcasting
 + Level 3.3 Hexes


You had 2 spell levels left.
You knew the following spells:

 Your Spells              Type           Power        Failure   Level  Hunger
a - Corona                Hex            ##.....      4%          1    #......
b - Ensorcelled Hibernat  Hex/Ice        #.....       14%         2    ##.....


Dungeon Overview and Level Annotations

Branches:
Dungeon (2/15)

Altars:

Annotations:
D:2 Robin


Innate Abilities, Weirdness & Mutations

You cannot wear most types of armour.
You are very stealthy in the water. (Stealth+)
You are amphibious.
You can wear up to eight rings at the same time.
You can use your tentacles to constrict eight enemies at once.
Your skin changes colour to match your surroundings (Stealth+).
Your rubbery body absorbs attacks. (AC +1, EV +1)


Message History

The bat closely misses you.
The goblin unwields an uncursed club.
The goblin wields a hunting sling.
The goblin shoots a stone.
The stone hits you!
You see here a stone.
You barely miss the bat. You grab the bat. You constrict the bat.
The bat misses you. The bat closely misses you.
The goblin shoots a stone.
The stone hits you.
You hit the bat.
You kill the bat!
The goblin shoots a stone.
The stone barely misses you.
The goblin shoots a stone.
The stone closely misses you.
The goblin shoots a stone.
The stone hits you.
* * * LOW HITPOINT WARNING * * *
You see here a stone.
The goblin unwields an uncursed hunting sling.
The goblin wields an uncursed club.
The goblin barely misses you.
You hit the goblin but do no damage. You grab the goblin.
You constrict the goblin, but do no damage.
The goblin hits you with an uncursed club.
You die...

.# #....♣.......♣
.###............#
.......†♣.......♣
.###†...........#
.########♣.....♣# ..#
#####♣.♣## ..#
#.......###### ..#
#.......##g..# ..#
#.......##@..# ###
#.......##(..#
###########.####...#
...<...##......(...#
...<...##........!.#
.......##........P....#
...######......((.♣P..#
#### #..........P..#
..##.###########


You could see a goblin.

Vanquished Creatures
  An ooze (D:1)
  A dart slug (D:2)
  5 bats
  A goblin (D:1)
  3 hobgoblins (D:1)
  A ball python (D:1)
  2 frilled lizards (D:1)
  A kobold (D:1)
  A rat (D:1)
16 creatures vanquished.

Notes
Turn   | Place    | Note
-------+----------+-------------------------------------------
     0 | D:1      | KristoblXynda the Octopode Enchanter began the quest for the Orb.
     0 | D:1      | Reached XP level 1. HP: 11/11 MP: 3/3
   266 | D:1      | Reached XP level 2. HP: 13/17 MP: 5/5
   278 | D:1      | Learned a level 2 spell: Ensorcelled Hibernation
   727 | D:2      | Noticed Robin
   958 | D:2      | Slain by a goblin

Vault maps used:
D:1:      eino_arrival_cavern_e, serial_glass, glass_columns_b, glass_columns_b,
          item_on_display_a, minmay_strange_pillars, minmay_strange_pillars,
          feat_on_display
D:2:      old_standard_altar, serial_forest, infiniplex_forest_zigzag_1,
          infiniplex_forest_end_3, infiniplex_forest_lined_ring,
          infiniplex_forest_lined_3_way, infiniplex_forest_clump_tiny,
          kennysheep_big_empty_room, uniq_robin

Action                   || total
-------------------------++-------
Melee: Dagger            ||    32
       Constrict         ||     7
       Tentacles         ||     5
 Cast: Ensorcelled Hiber ||     3
 Stab: Sleeping          ||     5
Armor: Skin              ||     5
Dodge: Dodged            ||    36

Table legend:
 A = Spawn XP
 B = Non-spawn XP
 C = Spawn XP percentage of total XP
 D = Spawn monster count
 E = Non-spawn monster count
 F = Spawn count percentage of total count
 G = Total turns spent on level
                    A         B        C        D         E        F      G
               +---------+---------+-------+---------+---------+-------+---------
         Total |       0 |      30 |   0.0 |       0 |      16 |   0.0 |   958
               +---------+---------+-------+---------+---------+-------+---------
           D:1 |       0 |      23 |   0.0 |       0 |      12 |   0.0 |   654
           D:2 |       0 |       7 |   0.0 |       0 |       4 |   0.0 |   304
               +---------+---------+-------+---------+---------+-------+---------
